details: 'biiiiiitch'

« prev index next »

General information

Mini Map

Players

team 1
Undeadkuchar (orange | 40 APM | 753 actions | 19:00)
Hero icon 4 Crypt Lord
Ability icon 2 Impale
Ability icon 2 Spiked Carapace

» actions
Assign group hotkey18
Basic commands17
Build / train40
Enter build submenu13
Enter hero's abilities submenu4
Remove unit from queue1
Right click196
Select / deselect176
Select group hotkey262
Use ability26
753 total
» units
Acolyte2
Ghoul2
Crypt Fiend13
Obsidian Statue2
Necromancer3
22 total
» upgrades
Creature Carapace1
Creature Attack1
Web1
Necromancer Training1
Skeletal Longevity1
5 total
» buildings
Altar of Darkness1
Crypt1
Ziggurat6
Graveyard1
Tomb of Relics1
Nerubian Tower1
Spirit Tower2
Halls of the Dead1
Slaughterhouse2
Temple of the Damned1
Black Citadel1
18 total
» build order
00:30 Altar of Darkness
00:36 Crypt
00:42 Ziggurat
01:05 Graveyard
01:30 Tomb of Relics
01:41 Ziggurat
01:57 Nerubian Tower
02:50 Ziggurat
03:47 Spirit Tower
05:41 Halls of the Dead
06:31 Ziggurat
07:45 Ziggurat
08:14 Slaughterhouse
08:21 Slaughterhouse
08:24 Temple of the Damned
12:20 Black Citadel
12:52 Ziggurat
17:03 Spirit Tower
» items
Potion of Healing1
Scroll of Town Portal1
2 total
UndeadSlick. (blue | 52 APM | 989 actions | 19:05)
Hero icon 3 Dreadlord
Ability icon 2 Vampiric Aura
Ability icon 1 Sleep

» actions
Assign group hotkey13
Basic commands38
Build / train48
Enter build submenu19
Enter hero's abilities submenu3
Remove unit from queue2
Right click425
Select / deselect304
Select group hotkey83
Use ability54
989 total
» units
Acolyte2
Ghoul13
Obsidian Statue2
Banshee2
Gargoyle5
24 total
» upgrades
Unholy Strength2
Unholy Armor2
Ghoul Frenzy1
Disease Cloud1
6 total
» buildings
Graveyard1
Crypt2
Altar of Darkness1
Ziggurat4
Tomb of Relics1
Halls of the Dead1
Nerubian Tower2
Spirit Tower1
Temple of the Damned1
Slaughterhouse1
Black Citadel1
Sacrificial Pit1
Boneyard1
18 total
» build order
00:44 Graveyard
00:50 Crypt
00:52 Altar of Darkness
00:57 Ziggurat
01:28 Tomb of Relics
02:15 Crypt
03:03 Ziggurat
04:34 Halls of the Dead
05:56 Ziggurat
06:47 Nerubian Tower
06:49 Nerubian Tower
06:51 Spirit Tower
07:32 Temple of the Damned
07:33 Slaughterhouse
10:21 Ziggurat
11:28 Black Citadel
16:27 Sacrificial Pit
17:38 Boneyard
» items
Rod of Necromancy1
Sacrificial Skull2
Scroll of Town Portal3
Orb of Corruption1
7 total
Random» UndeadMidichlorian (pink | 34 APM | 604 actions | 17:43)
Hero icon 3 Death Knight
Ability icon 2 Death Coil
Ability icon 1 Unholy Aura

» actions
Assign group hotkey39
Build / train56
Enter build submenu13
Enter hero's abilities submenu3
Give item / drop item1
Remove unit from queue1
Right click226
Select / deselect119
Select group hotkey96
Use ability50
604 total
» units
Acolyte2
Ghoul21
Abomination1
Gargoyle11
35 total
» upgrades
Cannibalize1
Unholy Strength1
Unholy Armor1
Disease Cloud1
Stone Form1
5 total
» buildings
Altar of Darkness1
Ziggurat5
Crypt2
Graveyard1
Nerubian Tower1
Tomb of Relics1
Halls of the Dead1
Black Citadel1
Slaughterhouse2
15 total
» build order
00:10 Altar of Darkness
00:12 Ziggurat
01:34 Crypt
01:40 Graveyard
01:51 Nerubian Tower
01:56 Crypt
02:24 Ziggurat
03:19 Tomb of Relics
03:44 Ziggurat
04:23 Ziggurat
08:08 Halls of the Dead
10:33 Black Citadel
10:39 Slaughterhouse
10:40 Slaughterhouse
14:17 Ziggurat
» items
Sacrificial Skull2
Rod of Necromancy1
Scroll of Town Portal2
Potion of Healing1
Scroll of Healing1
7 total
Random» Orcfreedoomplease (green | 35 APM | 671 actions | 18:58)
Hero icon 3 Blademaster
Ability icon 1 Wind Walk
Ability icon 2 Mirror Image
Hero icon 2 Pit Lord
Ability icon 1 Rain of Fire
Ability icon 1 Howl of Terror

» actions
Build / train71
Enter build submenu16
Enter hero's abilities submenu5
Remove unit from queue1
Right click311
Select / deselect230
Use ability37
671 total
» units
Peon9
Troll Headhunter/Berserker24
Grunt1
Shaman8
Gargoyle2
44 total
» upgrades
Pillage1
Ranged Weapons2
Armor2
Berserker Upgrade1
Troll Regeneration1
Shaman Training2
9 total
» buildings
Altar of Storms1
Orc Burrow7
Barracks2
War Mill1
Voodoo Lounge1
Stronghold1
Fortress1
Spirit Lodge2
16 total
» build order
00:24 Altar of Storms
00:37 Orc Burrow
00:56 Barracks
01:11 War Mill
02:44 Barracks
02:58 Orc Burrow
03:21 Voodoo Lounge
03:26 Orc Burrow
04:05 Orc Burrow
04:08 Stronghold
07:02 Fortress
10:12 Spirit Lodge
10:21 Spirit Lodge
13:58 Orc Burrow
15:00 Orc Burrow
15:35 Orc Burrow
» items
Boots of Speed1
Healing Salve2
Lesser Clarity Potion1
Scroll of Speed1
Potion of Healing1
Potion of Mana1
Scroll of Town Portal1
8 total
team 2
Random» Undeadnapz (purple | 33 APM | 42 actions | 01:15)

» actions
Build / train2
Enter build submenu4
Right click19
Select / deselect14
Use ability3
42 total
» units
Acolyte2
2 total
» buildings
Crypt1
Ziggurat1
Altar of Darkness1
3 total
» build order
00:09 Crypt
00:27 Ziggurat
00:46 Altar of Darkness
Human13fr6 (yellow | 78 APM | 1487 actions | 19:08)
Hero icon 4 Mountain King
Ability icon 2 Storm Bolt
Ability icon 1 Bash
Ability icon 1 Thunder Clap
Hero icon 1 Death Knight
Ability icon 1 Death Coil
Hero icon 5 Paladin
Ability icon 3 Holy Light
Ability icon 2 Divine Shield

» actions
Assign group hotkey23
Basic commands10
Build / train142
Enter build submenu67
Enter hero's abilities submenu11
Right click574
Select / deselect329
Select group hotkey206
Use ability125
1487 total
» units
Peasant55
Ghoul4
Footman5
Gargoyle11
Acolyte5
Knight1
Gryphon Rider5
86 total
» upgrades
Masonry4
Lumber Harvesting1
Animal War Training1
Storm Hammers1
Swords1
Armor1
9 total
» buildings
Lumber Mill3
Farm17
Barracks4
Crypt2
Scout Tower15
Graveyard1
Guard Tower9
Altar of Kings1
Keep7
Halls of the Dead3
Ziggurat1
Castle7
Gryphon Aviary7
Blacksmith2
Town Hall2
Necropolis2
83 total
» build order
00:29 Lumber Mill
00:44 Lumber Mill
00:57 Farm
01:11 Barracks
01:38 Barracks
01:41 Barracks
01:43 Barracks
01:50 Farm
01:56 Crypt
01:57 Crypt
02:07 Scout Tower
02:08 Scout Tower
02:10 Scout Tower
02:12 Scout Tower
02:14 Scout Tower
02:18 Farm
02:26 Lumber Mill
02:29 Graveyard
02:37 Guard Tower
02:37 Guard Tower
02:38 Scout Tower
02:50 Farm
02:52 Farm
02:53 Farm
03:07 Guard Tower
03:32 Altar of Kings
03:35 Farm
03:39 Scout Tower
03:42 Keep
03:42 Keep
03:42 Keep
03:44 Scout Tower
03:46 Scout Tower
03:47 Scout Tower
03:57 Guard Tower
04:25 Guard Tower
04:37 Guard Tower
04:49 Halls of the Dead
04:50 Halls of the Dead
05:07 Keep
05:08 Keep
05:14 Farm
05:28 Ziggurat
05:44 Scout Tower
05:46 Scout Tower
05:48 Scout Tower
06:16 Guard Tower
06:39 Castle
06:39 Castle
06:39 Castle
06:42 Guard Tower
06:43 Scout Tower
06:44 Scout Tower
08:01 Guard Tower
09:01 Castle
09:01 Castle
09:38 Gryphon Aviary
09:39 Gryphon Aviary
09:41 Gryphon Aviary
09:43 Gryphon Aviary
09:45 Gryphon Aviary
09:50 Blacksmith
09:51 Blacksmith
10:47 Farm
12:46 Town Hall
13:35 Farm
13:37 Farm
13:39 Farm
13:41 Farm
13:45 Farm
13:53 Necropolis
15:25 Town Hall
15:51 Farm
15:53 Farm
16:52 Necropolis
18:14 Gryphon Aviary
18:58 Gryphon Aviary
19:01 Farm
HumanTheBender (red | 33 APM | 32 actions | 00:58)

» actions
Build / train4
Enter build submenu3
Right click13
Select / deselect9
Use ability3
32 total
» units
Peasant4
4 total
» buildings
Farm2
Altar of Kings1
3 total
» build order
00:11 Farm
00:21 Altar of Kings
00:55 Farm
Random» Undeadcrizpy (teal | 74 APM | 1421 actions | 19:05)
Hero icon 6 Death Knight
Ability icon 3 Death Coil
Ability icon 3 Unholy Aura
Hero icon 3 Lich
Ability icon 2 Frost Nova
Ability icon 1 Frost Armor
Hero icon 3 Dark Ranger
Ability icon 2 Silence
Ability icon 1 Life Drain
Hero icon 1 Mountain King
Ability icon 1 Bash
Hero icon 1 Paladin
Ability icon 1 Divine Shield

» actions
Assign group hotkey51
Build / train51
Enter build submenu20
Enter hero's abilities submenu15
Give item / drop item3
Right click608
Select / deselect182
Select group hotkey426
Use ability65
1421 total
» units
Acolyte2
Ghoul6
Crypt Fiend3
Frost Wyrm5
16 total
» upgrades
Creature Attack1
Creature Carapace1
Freezing Breath1
3 total
» buildings
Ziggurat11
Crypt1
Graveyard1
Altar of Darkness1
Nerubian Tower2
Halls of the Dead2
Tomb of Relics1
Spirit Tower3
Black Citadel1
Sacrificial Pit1
Boneyard2
26 total
» build order
00:12 Ziggurat
00:23 Crypt
00:47 Graveyard
01:00 Altar of Darkness
01:15 Ziggurat
02:10 Ziggurat
02:26 Ziggurat
02:45 Nerubian Tower
02:58 Nerubian Tower
03:08 Halls of the Dead
03:09 Halls of the Dead
04:11 Tomb of Relics
04:32 Spirit Tower
04:44 Ziggurat
05:27 Ziggurat
05:41 Black Citadel
06:24 Spirit Tower
08:26 Sacrificial Pit
09:15 Ziggurat
09:16 Ziggurat
09:40 Ziggurat
09:44 Boneyard
09:50 Boneyard
09:57 Spirit Tower
18:49 Ziggurat
18:50 Ziggurat
» items
Rod of Necromancy1
Potion of Healing1
Boots of Speed1
Potion of Lesser Invulnerability1
Orb of Corruption1
5 total

Chat log

(00:05 / Allies) napz: why leave ?
(00:11 / Allies) napz: thebender ?
(00:33 / Allies) napz: ??
(00:35 / Allies) napz: why leave ??
(00:37 / Allies) napz: red ?
(00:49 / Allies) 13fr6: shudduppp
(00:49 / Allies) TheBender: i wont waste energy on issues like that
(00:55 / Allies) napz: i will tk you fucker
(01:01 / Allies) 13fr6: fu purp
(01:03 / Allies) napz: nice
(01:04 / Allies) 13fr6: i got
(01:22 / All) kuchar: lol
(01:29 / All) Midichlorian: leave pls
(01:31 / Allies) crizpy: play
(01:38 / All) crizpy: no
(01:43 / All) freedoomplease: ok ok
(01:48 / Allies) crizpy: If i leave i got this noobs third time
(01:59 / All) crizpy: if we leave we met this retard 3rd time

(04:22 / Allies) crizpy: omw

(06:06 / Allies) 13fr6: ill creep the mines asap

(14:15 / Allies) crizpy: ye

(17:21 / All) kuchar: hahahaha
(17:32 / All) Midichlorian: noobass team
(17:42 / All) freedoomplease: u are worst noob pink